Unix NetHack Version 5.0.0-0 post-release - last build May 17 2026 04:57:42 (dc50c8380fa5e20985bfe3072449f57b8d9895ef,branch:main).

Game began 2026-05-18 17:43:59, ended 2026-05-18 17:49:50.

ArrBianca, lawful female dwarven Archeologist

                                         #
                                         %           ###
                                         #            -.---
                                         #           #....|
                                         #           #|...|
                                         #       ##@@#|...|
                                         #------ #    |...|
                                         #|....| #    |..<.
                                         #.%...-##    -----
                                          ---+--

ArrBianca the Field Worker  St:14 Dx:10 Co:12 In:16 Wi:14 Ch:10  Lawful
Dlvl:4  $:48 HP:0(27) Pw:6(6) AC:9  Xp:3 T:1220 

Latest messages:
 The door opens.
 Where do you want to travel to?
 (For instructions type a '?')
 You descend the stairs.
 You hear a door open.
 What do you want to read? [w or ?*] <space>
 Never mind.
 That door is closed.
 The door resists!
 The door resists!
 The door resists!
 The door opens.
 You find a hidden door.
 You miss the newt.
 You kill the newt!
 x - a newt corpse.
 What do you want to eat? [djprx or ?*] x
 This newt corpse tastes okay.
 You finish eating the newt corpse.
 You see here an iron skull cap.
 y - an iron skull cap.
 The orc zombie hits!
 You lash the orc zombie.
 You lash the orc zombie.
 The orc zombie hits!
 You miss the orc zombie.
 The orc zombie hits!
 You destroy the orc zombie!
 You see here an orc corpse.
 You find a hidden passage.
 The jackal bites!
 You kill the jackal!
 You see here a jackal corpse.
 You lash the wererat.
 The wererat hits!
 You lash the wererat.
 The wererat changes into a rat.
 The wererat bites!
 You feel feverish.
 You see here an orc corpse.
 The wererat changes into a human.
 You lash the wererat.
 The wererat hits!
 You lash the wererat.
 The wererat hits!
 You lash the wererat.
 The wererat hits!
 You die...
 Do you want your possessions identified? [ynq] (y) y
 Do you want to see your attributes? [ynq] (y) q

Inventory:
 Coins    ('$')
  $ - 48 gold pieces
 Weapons  (')')
  k - 19 +0 darts (at the ready)
  a - a +2 bullwhip (weapon in right hand)
 Armor    ('[')
  c - a blessed +0 fedora (being worn)
  y - an uncursed +0 orcish helm
  b - an uncursed +0 leather jacket (being worn)
 Comestibles  ('%')
  d - 5 uncursed food rations
  r - an uncursed tripe ration
  j - 3 uncursed homemade tins of jackal meat
  p - 2 uncursed lichen corpses
 Scrolls  ('?')
  w - an uncursed scroll of create monster
 Potions  ('!')
  s - an uncursed potion of confusion
  n - 3 uncursed potions of healing
 Rings    ('=')
  i - an uncursed ring of cold resistance
  v - an uncursed +2 ring of gain constitution
 Tools    ('(')
  h - an empty uncursed sack
  e - a +0 pick-axe (alternate weapon; not wielded)
  m - a cursed skeleton key
  f - a tinning kit (0:66)
 Gems/Stones  ('*')
  g - an uncursed touchstone

ArrBianca the Archeologist's attributes:

Background:
 You were a Field Worker, a level 3 female dwarven Archeologist.
 You were lawful, nominally on a mission for Quetzalcoatl
 who was opposed by Camaxtli (neutral) and Huhetotl (chaotic).
 You were right-handed.
 You were in the Dungeons of Doom, on level 4.
 You entered the dungeon 1220 turns ago.
 There was a new moon in effect when your adventure ended.
 You had 54 experience points, 26 more were needed to attain level 4.

Basics:
 You had 0 out of 27 hit points.
 You had all 6 energy points (spell power).
 Your armor class was 9.
 Your wallet contained 48 zorkmids.
 Autopickup was on for '$?!/="+%' plus thrown, with exceptions.

Final Characteristics:
 Your strength was 14 (limit:18/100).
 Your dexterity was 10 (limit:20).
 Your constitution was 12 (limit:20).
 Your intelligence was 16 (limit:16).
 Your wisdom was 14 (limit:16).
 Your charisma was 10 (limit:16).

Final Status:
 You weren't hungry.
 You were unencumbered.
 You were wielding a whip.
 You had basic skill with whip.

Final Attributes:
 You were devoutly aligned.
 You were level-drain resistant.
 You had automatic searching.
 You had infravision.
 You were a wererat.
 You were harmed by silver.
 You were lucky.
 You are dead.

Miscellaneous:
 You didn't encounter any bones levels.
 Total elapsed playing time was 5 minutes and 51 seconds.

Major events:
 Turn
    1: ArrBianca the lawful female dwarven Archeologist entered the dungeon
  737: attained the rank of Field Worker (level 3)
 1220: killed by a wererat

You didn't know any spells.

Skills:
 Fighting Skills
   bare handed combat [Unskilled]
   two weapon combat  [Unskilled]
   riding             [Unskilled]
 Weapon Skills
   dagger             [Unskilled]
   knife              [Unskilled]
   pick-axe           [Basic]
   short sword        [Unskilled]
   saber              [Unskilled]
   club               [Unskilled]
   quarterstaff       [Unskilled]
   sling              [Unskilled]
   dart               [Unskilled]
   boomerang          [Unskilled]
   whip               [Basic]
   unicorn horn       [Unskilled]
 Spellcasting Skills
   attack spells      [Unskilled]
   healing spells     [Unskilled]
   divination spells  [Unskilled]
   matter spells      [Unskilled]

Voluntary challenges:
 Character rerolling was not enabled.
 You were an atheist.
 You never had a pet.
 You never genocided any monsters.
 You never polymorphed an object.
 You never changed form.
 You used no wishes.
Achievements:
 You entered a shop.
 You attained the rank of Field Worker.

 The Dungeons of Doom: levels 1 to 4
    Level 1:
       Some fountains.
    Level 2:
       An armor shop, a fountain.
    Level 3:
       A food shop.
    Level 4: <- You were here.
       Final resting place for
          you, killed by a wererat.


Vanquished creatures:
 an orc zombie
  2 giant rats
  a gnome zombie
  6 jackals
  2 kobolds
  4 sewer rats
  4 lichens
  5 newts
25 creatures vanquished.

No species were genocided or became extinct.

Game over:
                       ----------
                      /          \
                     /    REST    \
                    /      IN      \
                   /     PEACE      \
                  /                  \
                  |    ArrBianca     |
                  |      48 Au       |
                  |   killed by a    |
                  |     wererat      |
                  |                  |
                  |                  |
                  |       2026       |
                 *|     *  *  *      | *
        _________)/\\_//(\/(/\)/\//\/|_)_______

Goodbye ArrBianca the Archeologist...

You died in The Dungeons of Doom on dungeon level 4 with 410 points,
and 48 pieces of gold, after 1220 moves.
You were level 3 with a maximum of 27 hit points when you died.

